cohdb
Replays
Latest Replays
All Replays
Popular Replays
Top Player Replays
Match Explorer
How It Works
Community
CoH3 Stats
Reddit
Sign in to upload your games and track your stats! →
Sign in with Steam
Match 45694291
Unlisted
Match 45694291
Overview
Messages
Build Orders
End
Construct Weapon Support Center
Construct Barracks
Engineer Squad
1⁄4-ton 4x4 Truck
Riflemen Squad
Riflemen Squad
Grenade Package
Riflemen Squad
Construct Medical Station
Construct Weapon Support Center
Mechanized Support Center
Construct Medical Station
Bazooka Squad
Construct Motor Pool
Selects Heavy Weapons
Selects M2HB .50cal Heavy Machine Gun
Selects Assault Carriers
M24 Chaffee Light Tank
Designate Forward Repair Station
Be Frabjous
water
Hirys it's Irys
Lapis Rose
bigcheese
IIIIIIIIIIIIIIII
Rob
nierenbrei
0
0
Comments
sign in to comment!
No comments posted yet!